 Dungeon Crawl Stone Soup version 0.22-a0-815-gb582571 (webtiles) character file.

2047 vineage the Cleaver (level 9, -2/80 HPs)
             Began as a Centaur Fighter on July 23, 2018.
             Was an Initiate of Okawaru.
             Slain by a killer bee (7 damage)
             ... on level 7 of the Dungeon.
             The game lasted 00:08:39 (6750 turns).

vineage the Cleaver (Centaur Fighter)               Turns: 6750, Time: 00:08:40

Health: -2/80      AC:  8    Str: 18 (19) XL:     9   Next: 4%
Magic:  8/8        EV:  1    Int:  8 (9)  God:    Okawaru [......]
Gold:   360        SH:  0    Dex:  5 (12) Spells: 8/8 levels left

rFire    . . .     SeeInvis .   a - +0 war axe
rCold    . . .     Gourm    .   c - +0 shield
rNeg     . . .     Faith    .   k - +0 plate armour
rPois    .         Spirit   .   (no helmet)
rElec    .         Reflect  .   (no cloak)
rCorr    .         Harm     .   (no gloves)
MR       .....     Rnd*Rage +   (no barding)
Stlth    ..........             (no amulet)
HPRegen  0.23/turn              u - ring of stealth
MPRegen  0.11/turn              (no ring)

@: confused, lethally poisoned (-2 -> -17), very quick
A: large, hooves 3, berserk 1, clever 1, deformed body, speed 2, low mp 1, tough
skin 3
a: Renounce Religion


You were on level 7 of the Dungeon.
You worshipped Okawaru.
Okawaru was noncommittal.
You were not hungry.

You visited 2 branches of the dungeon, and saw 8 of its levels.
You also visited: Sewer.

You collected 360 gold pieces.

Inventory:

Hand Weapons
 a - a +0 war axe (weapon)
Armour
 c - a +0 shield (worn)
 k - a +0 plate armour (worn)
Jewellery
 g - an uncursed amulet of harm
 u - a ring of stealth (left hand)
Wands
 d - a wand of digging (13)
Scrolls
 b - 3 scrolls of teleportation {unknown}
 i - 3 scrolls of remove curse
 j - 4 scrolls of enchant weapon {unknown}
 n - a scroll of noise {unknown}
 o - 3 scrolls of fog {unknown}
 q - 4 scrolls of blinking {unknown}
 s - a scroll of random uselessness {unknown}
 t - a scroll of immolation {unknown}
 v - 2 scrolls of enchant armour {unknown}
 w - 5 scrolls of identify
Potions
 e - a potion of ambrosia
 h - 3 potions of brilliance
 p - 2 potions of mutation
Comestibles
 f - 7 rations
 x - 2 chunks of flesh


   Skills:
 + Level 7.7 Fighting
 * Level 8.9 Axes
 - Level 2.1 Armour
 - Level 2.1 Shields


You had 8 spell levels left.
You didn't know any spells.
Your spell library was empty.

Dungeon Overview and Level Annotations

Branches:
Dungeon (7/15)             Temple (1/1) D:7

Altars:
Ashenzari
Cheibriados
Dithmenos
Elyvilon
Fedhas
Gozag
Hepliaklqana
Kikubaaqudgha
Makhleb
Nemelex Xobeh
Okawaru
Qazlal
Ru
Sif Muna
Trog
Uskayaw
Vehumet
Wu Jian
Xom
Yredelemnul
Zin
The Shining One

Shops:
D:6 =


Innate Abilities, Weirdness & Mutations

You have hooves in place of feet.
Armour fits poorly on your strangely shaped body.
You cover ground very quickly.
You have extremely tough skin. (AC +3)
You tend to lose your temper in combat.
Your mind is acute. (Int +2)
Your magical capacity is low. (-10% MP)


Message History

You feel sick. You block the killer bee's attack. The killer bee stings you.
* * * LOW HITPOINT WARNING * * *
It was a potion of cancellation.
You feel magically purged.
You feel sick. The killer bee stings you.
* * * LOW HITPOINT WARNING * * *
You are more poisoned.
The killer bee poisons you!
The killer bee stings you but does no damage.
You are confused.
You feel invigorated.
* * * LOW HITPOINT WARNING * * *
You feel sick. The killer bee stings you.
* * * LOW HITPOINT WARNING * * *
You are more poisoned.
The killer bee poisons you!
The killer bee stings you but does no damage.
You're too confused!
* * * LOW HITPOINT WARNING * * *
You feel sick. The killer bee stings you!
You die...

### #........#..#
..####...###.#..#
#.##......#.....#
#.#.......#..#.##
#.#...#......#.#
#.##...........#
.......#.###.###
..###..#.###.########
............>yyy@...#
......############.##
####..# # # #..# #..#
#.y# .y.# #.## #.


You could see 3 killer bees.

Vanquished Creatures
  Sigmund (D:5)
  A hungry ghost (D:6)
  Duvessa (D:5)
  A sky beast (D:6)
  Purgy (Sewer)
  2 phantoms
  2 ogres (D:7)
  2 centaurs
  A big kobold (D:6)
  2 bullfrogs
  Dowan (D:5)
  A scorpion (D:6)
  A howler monkey (D:6)
  A crimson imp (D:7)
  3 quasits
  2 hounds
  An orc priest (D:5)
  2 iguanas
  3 worker ants
  A howler monkey zombie (D:6)
  2 worker ant zombies (D:6)
  8 adders
  4 gnolls (D:7)
  A river rat (D:4)
  An adder skeleton (D:6)
  3 worms
  4 dart slugs
  4 leopard geckos
  7 orcs
  2 ball pythons
  3 giant cockroaches
  11 goblins
  13 hobgoblins
  3 jackals (D:4)
  19 kobolds
  A quokka (D:3)
  7 bats
  6 frilled lizards
  A giant cockroach zombie (D:6)
  2 leopard gecko skeletons
  13 rats
145 creatures vanquished.

Notes
Turn   | Place    | Note
-------+----------+-------------------------------------------
     0 | D:1      | vineage the Centaur Fighter began the quest for the Orb.
     0 | D:1      | Reached XP level 1. HP: 19/19 MP: 1/1
    48 | D:1      | Reached skill level 2 in Axes
   158 | D:1      | Reached XP level 2. HP: 24/26 MP: 2/2
   414 | D:1      | Reached XP level 3. HP: 31/31 MP: 3/3
  1127 | D:2      | Reached skill level 3 in Axes
  1142 | D:2      | Found an ancient bone altar of Kikubaaqudgha.
  1143 | D:2      | Reached XP level 4. HP: 23/40 MP: 4/4
  1288 | D:2      | Found a sparkling altar of Nemelex Xobeh.
  1574 | D:3      | HP: 2/40 [poisoned by an adder]
  2438 | D:4      | Found a glowing drain.
  2468 | D:4      | Reached XP level 5. HP: 31/47 MP: 5/5
  2597 | Sewer    | Entered a sewer
  2731 | Sewer    | Noticed Purgy
  2745 | Sewer    | Killed Purgy
  2745 | Sewer    | Reached skill level 4 in Axes
  3171 | D:4      | Reached XP level 6. HP: 50/55 MP: 6/6
  3333 | D:4      | Found a sacrificial altar of Ru.
  3434 | D:4      | Reached skill level 5 in Fighting
  3920 | D:5      | Entered Level 5 of the Dungeon
  4114 | D:5      | Noticed a moth of wrath
  4117 | D:5      | Found a bloodstained altar of Trog.
  4283 | D:5      | Noticed Duvessa
  4283 | D:5      | Noticed Dowan
  4293 | D:5      | Killed Duvessa
  4293 | D:5      | Reached skill level 5 in Axes
  4294 | D:5      | Killed Dowan
  4347 | D:5      | Noticed Sigmund
  4350 | D:5      | Killed Sigmund
  4350 | D:5      | Reached XP level 7. HP: 52/62 MP: 7/7
  4411 | D:5      | Reached skill level 6 in Axes
  4923 | D:6      | Noticed a hungry ghost
  4939 | D:6      | Killed a hungry ghost
  5017 | D:6      | Reached XP level 8. HP: 71/71 MP: 8/8
  5073 | D:6      | Reached skill level 7 in Axes
  5493 | D:6      | Found a blossoming altar of Fedhas.
  5501 | D:6      | Found Jouqif's Jewellery Boutique.
  5589 | D:6      | Reached skill level 8 in Axes
  6034 | D:7      | Found a staircase to the Ecumenical Temple.
  6066 | Temple   | Entered the Ecumenical Temple
  6216 | Temple   | Became a worshipper of Warmaster Okawaru
  6439 | D:7      | Reached XP level 9. HP: 61/80 MP: 9/9
  6494 | D:7      | Found a runed door.
  6746 | D:7      | Gained mutation: Your magical capacity is low. (-10% MP) [potion of mutation]
  6746 | D:7      | Gained mutation: You tend to lose your temper in combat. [potion of mutation]
  6746 | D:7      | Gained mutation: Your mind is acute. (Int +2) [potion of mutation]
  6748 | D:7      | HP: 4/80 [killer bee (3)]
  6750 | D:7      | Slain by a killer bee

Vault maps used:
D:1:      shiori_arrival_maze
D:2:      lemuel_crystal_altar, first_ration, nemelex_spade_bored_becter
D:3:      kennysheep_generic_room_9
D:4:      nicolae_ru_sacrificial_ziggurat, portal_sewer_entry_a
D:5:      tgw_trog, grunt_ministairs_8, grunt_decor_one_mirror, uniq_duvessa,
          uniq_sigmund
D:6:      kennysheep_little_box, serial_shops, shop, minmay_unpleasant_kobolds
D:7:      minmay_temple_entry_glassed_door, uniq_prince_ribbit1,
          uniq_crazy_yiuf_cottage
Temple:   regret_index_temple_mists
Sewer:    kennysheep_door_sewer

Skill      XL: |  1  2  3  4  5  6  7  8 |
---------------+-------------------------+-----
Axes           | 2 3 4 5 6 8 |  8.9
Fighting       | 4 5 6 7 |  7.7
Armour         | |  2.1
Shields        | |  2.1

Action                   |  1- 3 |  4- 6 |  7- 9 || total
-------------------------+-------+-------+-------++-------
Melee: War axe           |   154 |   214 |   195 ||   563
       Kick              |    22 |    44 |    43 ||   109
  Use: Scroll            |     2 |       |     3 ||     5
       Potion            |       |     3 |     5 ||     8
  Eat: Chunk             |       |     5 |     5 ||    10
       Ration            |       |     1 |     3 ||     4
Armor: Scale mail        |    43 |       |       ||    43
       Plate armour      |    73 |   178 |   160 ||   411
Dodge: Dodged            |    20 |    17 |    13 ||    50
Block: Shield            |    66 |   102 |   102 ||   270

Table legend:
 A = Spawn XP
 B = Non-spawn XP
 C = Spawn XP percentage of total XP
 D = Spawn monster count
 E = Non-spawn monster count
 F = Spawn count percentage of total count
 G = Total turns spent on level
                    A         B        C        D         E        F      G
               +---------+---------+-------+---------+---------+-------+---------
         Total |       0 |    2925 |   0.0 |       0 |     145 |   0.0 |  6750
               +---------+---------+-------+---------+---------+-------+---------
           D:1 |       0 |      58 |   0.0 |       0 |      35 |   0.0 |   909
           D:2 |       0 |      66 |   0.0 |       0 |      23 |   0.0 |   635
           D:3 |       0 |      49 |   0.0 |       0 |      11 |   0.0 |   821
           D:4 |       0 |      90 |   0.0 |       0 |      11 |   0.0 |  1189
           D:5 |       0 |     673 |   0.0 |       0 |      19 |   0.0 |   854
           D:6 |       0 |    1115 |   0.0 |       0 |      27 |   0.0 |  1227
           D:7 |       0 |     730 |   0.0 |       0 |      13 |   0.0 |   569
         Sewer |       0 |     144 |   0.0 |       0 |       6 |   0.0 |   366
               +---------+---------+-------+---------+---------+-------+---------
